 Dungeon Crawl Stone Soup version 0.31-a0-237-g2d982f9f85 (webtiles) character file.

Game seed: 503875014719321796

18 qw the Shooter (level 2, -3/24 HPs)
             Began as a Minotaur Hexslinger on July 10, 2023.
             Slain by a gnoll
             ... wielding a +0 flail
              (4 damage)
             ... on level 1 of the Dungeon.
             The game lasted 00:00:14 (568 turns).

qw the Shooter (Minotaur Hexslinger)                 Turns: 568, Time: 00:00:14

Health: -3/24      AC:  5    Str: 18    XL:     2   Next: 51%
Magic:  2/2        EV: 12    Int: 10    God:
Gold:   12         SH:  0    Dex: 12    Spells: 2/3 levels left

rFire   . . .        Y - +1 sling
rCold   . . .        (no shield)
rNeg    . . .        c - +0 robe
rPois   .            (helmet restricted)
rElec   .            e - +1 cloak
rCorr   .            g - +0 pair of gloves
SInv    .            (no boots)
Will    .....        (no amulet)
Stlth   +            d - +6 ring of strength
HPRegen 0.24/turn    (no ring)
MPRegen 0.08/turn

%: no passive effects
@: no status effects
A: horns 2, retaliatory headbutt
a: no special abilities


You were on level 1 of the Dungeon.
You visited 1 branch of the dungeon, and saw 2 of its levels.

You collected 12 gold pieces.


Innate Abilities, Weirdness & Mutations

You have a pair of horns on your head.
You reflexively headbutt those who attack you in melee.


   Skills:
 - Level 2.0 Fighting
 + Level 3.2 Ranged Weapons
 - Level 2.1 Dodging
 - Level 1.0 Spellcasting
 - Level 2.0 Hexes


You had 2 spell levels left.
You knew the following spells:

 Your Spells              Type           Power      Damage    Failure   Level
a - Slow                  Hex            16%        N/A       16%         1

Your spell library contained the following spells:

 Spells                   Type           Power      Damage    Failure   Level
 Inner Flame              Hex/Fire       2%         N/A       56%         3
 Portal Projectile        Hex/Tloc       4%         N/A       56%         3
 Cause Fear               Hex            2%         N/A       83%         4

Inventory:

Hand Weapons
 Y - a +1 sling (weapon)
Armour
 c - a +0 robe (worn)
 e - a +1 cloak (worn)
 g - a +0 pair of gloves (worn)
Jewellery
 d - a +6 ring of strength (left hand)
Scrolls
 j - 2 scrolls of identify

Dungeon Overview and Level Annotations

Branches:
Dungeon (2/15)

Altars:


Message History

The gnoll is lightly wounded.
You shoot a sling bullet.
The sling bullet hits the gnoll but does no damage.
The gnoll is lightly wounded.
A goblin comes into view. It is wielding a +0 dagger.
The gnoll barely misses you.
You shoot a sling bullet. The goblin shouts!
The sling bullet hits the gnoll.
The gnoll is lightly wounded.
The adder barely misses you. The gnoll closely misses you.
You furiously retaliate!
You headbutt the gnoll. The gnoll hits you but does no damage.
The adder bites you but does no damage.
You shoot a sling bullet. The sling bullet hits the gnoll.
The gnoll is heavily wounded.
The kobold hits you but does no damage. The gnoll hits you with a +0 flail.
The gnoll hits you with a +0 whip. The gnoll closely misses you.
The quokka barely misses you. The adder bites you.
The quokka bites you but does no damage.
A goblin comes into view. It is wielding a +0 dagger.
The gnoll closely misses you. The gnoll barely misses you.
The gnoll hits you with a +0 whip. The kobold hits you with a +0 dagger.
565 ||| STAIRDANCE The goblin shouts!
The adder barely misses you. The quokka closely misses you.
The gnoll hits you but does no damage. The kobold closely misses you.
The gnoll hits you with a +0 whip. The gnoll barely misses you.
You climb upwards.
There is a stone staircase leading down here.
Enter note:
Enter note: You shoot a sling bullet.
The sling bullet barely misses the gnoll.
The adder barely misses you. x2; The gnoll hits you with a +0 flail!
The gnoll closely misses you. You furiously retaliate!
You headbutt the gnoll. The kobold hits you but does no damage.
You shoot a sling bullet.
The sling bullet barely misses the gnoll.
The adder closely misses you. The gnoll hits you with a +0 flail.
You die...

#.#### ###.#####.##
#....## #...##....#
####..# ##.###..####
##.# #..#...## #.#
#.#..### #### #.#
#...## ###... #.#
##..#####...##
####S####.(####...###
#...g@g.........###
#...K#####.######
#.....# #.# #####.##
#.# #..###.# ##..##.#
############.##%###
#......##.........#
#......##.........# #


You could see 2 gnolls, an adder and a kobold.

Vanquished Creatures
  A ball python (D:1)
  3 endoplasms (D:1)
  A giant cockroach (D:1)
  A hobgoblin (D:1)
  A quokka (D:1)
  2 bats (D:1)
  2 frilled lizards (D:1)
  3 goblins (D:1)
  A kobold (D:1)
  3 rats (D:1)
18 creatures vanquished.

Notes
Turn   | Place    | Note
-------+----------+-------------------------------------------
     0 | D:1      | qw the Minotaur Hexslinger began the quest for the Orb.
     0 | D:1      | Reached XP level 1. HP: 16/16 MP: 1/1
     0 | D:1      | 0 ||| qw: Version: 0.3-a-52-g30416fa
     0 | D:1      | 0 ||| qw: Game counter: 5225
     0 | D:1      | 0 ||| qw: Melee chars always use a shield: true
     0 | D:1      | 0 ||| qw: God list: Okawaru
     0 | D:1      | 0 ||| qw: Allow faded altars: false
     0 | D:1      | 0 ||| qw: Do Orc after clearing Dungeon:15 true
     0 | D:1      | 0 ||| qw: Do second Lair branch before Depths: true
     0 | D:1      | 0 ||| qw: Lair rune preference: random
     0 | D:1      | 0 ||| qw: Goals: Normal
     0 | D:1      | 0 ||| PLANNING D:1-11
    84 | D:1      | Reached skill level 3 in Ranged Weapons
    86 | D:1      | Reached XP level 2. HP: 23/23 MP: 2/2
   433 | D:1      | 433 ||| UPGRADING to +1 cloak.
   438 | D:1      | 438 ||| UPGRADING to +0 pair of gloves.
   443 | D:1      | 443 ||| UPGRADING to +6 ring of strength.
   444 | D:1      | 444 ||| READING scroll labelled NOOGA QOSODD.
   445 | D:1      | 445 ||| READING scroll labelled NOPLECLUOJ.
   487 | D:1      | 487 ||| READING 3 scrolls labelled MAEN LIGUOMNUO.
   488 | D:1      | 488 ||| DRINKING 2 lumpy black potions.
   516 | D:1      | 516 ||| DROPPING scroll of poison.
   517 | D:1      | 517 ||| DROPPING potion of lignification.
   565 | D:2      | 565 ||| STAIRDANCE
   567 | D:1      | HP: 1/24 [gnoll/+0 flail (10)]
   568 | D:1      | Slain by a gnoll

Levels and vault maps discovered:
D:1:      dpeg_arrival_tiny_i, layout_rooms
D:2:      layout_loops_ring, basic_altar, serial_park_tiny_2, minmay_puff

Skill      XL: |  1  2 |
---------------+-------+-----
Ranged Weapons | 3 |  3.2
Fighting       | 2 |  2.0
Dodging        | |  2.1
Spellcasting   | |  1.0
Hexes          | |  2.0

Action                     || total
---------------------------++-------
   Fire: Sling             ||    43
    Use: Scroll            ||     3
         Potion            ||     1
 Armour: Robe              ||     9
  Dodge: Dodged            ||    23

Table legend:
 A = Non-vault XP
 B = Vault XP
 C = Vault XP percentage of total XP
 D = Non-vault monster count
 E = Vault monster count
 F = Vault count percentage of total count
                 A         B        C        D         E       F
            +---------+---------+-------+---------+---------+-------
      Total |      27 |       0 |   0.0 |      18 |       0 |   0.0
            +---------+---------+-------+---------+---------+-------
        D:1 |      27 |       0 |   0.0 |      18 |       0 |   0.0
            +---------+---------+-------+---------+---------+-------
